 Dungeon Crawl Stone Soup version 0.28-a0-1202-g1e6f1b2 (webtiles) character file.

Game seed: 2948827349777312204

154648 araganzar the Severer (level 17, -8/112 HPs)
             Began as a Gargoyle Cinder Acolyte on Dec 19, 2021.
             Was the Champion of Okawaru.
             Mangled by Donald (23 damage)
             ... on level 4 of the Swamp.
             The game lasted 01:45:12 (30002 turns).

araganzar the Severer (Gargoyle Cinder Acolyte)    Turns: 30002, Time: 01:45:13

Health: -8/112     AC: 50    Str: 20    XL:     17   Next: 33%
Magic:  15/21      EV: 11    Int: 15    God:    Okawaru [******]
Gold:   2724       SH:  5    Dex:  9    Spells: 18/18 levels left

rFire   + . .      SeeInvis .   a - +6 battleaxe (freeze)
rCold   + . .      Faith    .   (shield currently unavailable)
rNeg    + . .      Spirit   .   W - +8 plate armour {ponderous}
rPois   ∞          Reflect  +   E - +1 helmet
rElec   +          Harm     .   C - +2 cloak
rCorr   .          Rampage  .   l - +0 pair of gloves
Will    +....                   u - +0 pair of boots of Gozag's Wrath {Regen+}
Stlth   ..........              O - amulet of reflection
HPRegen 1.08/turn               A - ring of protection from fire {rF+, !d}
MPRegen 0.17/turn               j - ring of protection from cold {rC+, !d}

@: heroic, finesse-ful, flying, slow
A: sickness immunity, AC +12, big wings, negative energy resistance 1,
electricity resistance, torment resistance 1, petrification resistance, dopey 1
}: 1/15 runes: decaying
a: Renounce Religion, Heroism, Finesse, Duel


You were on level 4 of the Swamp.
You worshipped Okawaru.
Okawaru was exalted by your worship.
You visited 5 branches of the dungeon, and saw 28 of its levels.
You also visited: Ossuary, Gauntlet and Ice Cave.

You collected 3864 gold pieces.
You spent 1140 gold pieces at shops.


Innate Abilities, Weirdness & Mutations

You are immune to sickness and miasma.
Your stone body is resilient. (AC +12)
You are immune to poison.
Your large and strong wings let you fly.
You resist negative energy. (rN+)
You are resistant to electric shocks. (rElec)
You are resistant to unholy torment.
You are immune to petrification.
You are dopey. (Int -2)


   Skills:
 + Level 14.6(19.6) Fighting
 - Level 18.0(23.0) Axes
 - Level 8.9(13.9) Throwing
 + Level 14.6(19.6) Armour
 + Level 8.7(13.7) Dodging
 - Level 1.0 Spellcasting
 - Level 3.0 Fire Magic
 - Level 6.0 Invocations
 - Level 4.0 Evocations


You had 18 spell levels left.
You didn't know any spells.
Your spell library contained the following spells:

 Spells                   Type           Power      Damage    Failure   Level
 Scorch                   Fire           18%        2d5       63%         2
 Pain                     Necr           0%         1d4       88%         1
 Sandblast                Erth           0%         2d4       88%         1
 Shock                    Conj/Air       0%         1d3       88%         1
 Slow                     Hex            0%         N/A       88%         1
 Sting                    Tmut/Pois      0%         1d3       88%         1
 Passwall                 Tmut/Erth      0%         N/A       96%         2
 Poisonous Vapours        Pois/Air       0%         N/A       96%         2
 Ignite Poison            Fire/Tmut/Pois 3%         N/A       98%         3
 Confusing Touch          Hex            0%         N/A       99%         3
 Dazzling Flash           Conj/Hex       0%         N/A       99%         3
 Mephitic Cloud           Conj/Pois/Air  0%         N/A       99%         3
 Ozocubu's Armour         Ice            0%         N/A       99%         3
 Portal Projectile        Hex/Tloc       0%         N/A       99%         3
 Stone Arrow              Conj/Erth      0%         3d7       99%         3
 Swiftness                Air            0%         N/A       99%         3
 Vampiric Draining        Necr           0%         2d6       99%         3
 Airstrike                Air            0%         N/A       100%        4
 Olgreb's Toxic Radiance  Pois           0%         N/A       100%        4
 Agony                    Necr           0%         N/A       100%        5
 Blade Hands              Tmut           0%         N/A       100%        5
 Excruciating Wounds      Necr           0%         N/A       100%        5
 Freezing Cloud           Conj/Ice/Air   0%         6-21      100%        5
 Iskenderun's Battlesphe  Conj           0%         2d6       100%        5
 Silence                  Hex/Air        0%         N/A       100%        5
 Yara's Violent Unravell  Hex/Tmut       0%         3d3       100%        5
 Iron Shot                Conj/Erth      0%         9d1       100%        6
 Ozocubu's Refrigeration  Ice            0%         4d5       100%        7
 Spellforged Servitor     Conj/Summ      Unusable   N/A       N/A         7

Inventory:

Hand Weapons
 a - a +6 battleaxe of freezing (weapon)
   (You took it off a wight on level 7 of the Dungeon)
 b - a +4 war axe of flaming
   (Okawaru gifted it to you on level 15 of the Dungeon)
 S - a +1 demon trident of electrocution
   (You took it off Louise on level 4 of the Swamp)
Missiles
 r - 5 curare-tipped darts
 w - 3 silver javelins (quivered)
 I - 10 javelins
 T - 4 throwing nets {=f, !d}
Armour
 l - a +0 pair of gloves (worn)
   (You took it off Nikola on level 2 of the Swamp)
 s - a +2 buckler
   (You took it off a spriggan on level 3 of the Swamp)
 u - the +0 pair of boots of Gozag's Wrath (worn) {Regen+}
   (You found it in a Gauntlet)

   Regen:     It increases your rate of health regeneration.
 C - a +2 cloak (worn)
   (You found it on level 5 of the Dungeon)
 E - a +1 helmet (worn)
   (You found it on level 11 of the Dungeon)
 H - a scarf of resistance
   (You found it on level 1 of the Swamp)
 Q - quicksilver dragon scales
   (Okawaru gifted it to you on level 1 of the Swamp)
 W - a +8 plate armour of ponderousness (worn)
   (You took it off an orc warrior on level 9 of the Dungeon)
Jewellery
 j - a ring of protection from cold (right hand) {rC+, !d}
   (You bought it in a shop on level 2 of the Orcish Mines)
 A - a ring of protection from fire (left hand) {rF+, !d}
   (You found it on level 11 of the Dungeon)
 B - a ring of see invisible {sInv, !d}
   (You took it off an orc warrior on level 11 of the Dungeon)
 G - a +6 ring of dexterity
   (You found it on level 14 of the Dungeon)
 N - a ring of resist corrosion
   (You found it on level 7 of the Dungeon)
 O - an amulet of reflection (around neck)
   (You found it on level 14 of the Dungeon)
Wands
 q - a wand of acid (4)
   (You found it on level 3 of the Lair of Beasts)
 t - a wand of paralysis (22)
   (You found it on level 6 of the Lair of Beasts)
 y - a wand of digging (1)
   (You took it off a deep elf pyromancer on level 2 of the Orcish Mines)
 D - a wand of iceblast (18)
   (You found it on level 6 of the Lair of Beasts)
Scrolls
 c - a scroll of fear
 g - 3 scrolls of enchant armour
 k - 5 scrolls of identify
 m - 14 scrolls of teleportation
 o - 7 scrolls of magic mapping {!r}
 p - 3 scrolls of vulnerability {!r!r}
 z - 5 scrolls of fog
 F - a scroll of blinking {!r}
Potions
 d - 2 potions of resistance
 e - 4 potions of berserk rage {!q}
 f - 5 potions of mutation {!q}
 h - 2 potions of cancellation
 i - 3 potions of attraction {!q}
 n - 9 potions of curing
 v - 2 potions of invisibility
 x - 2 potions of haste
 J - 4 potions of might
 K - a potion of brilliance
 L - a potion of magic
 P - 7 potions of lignification {!q}
 R - 10 potions of heal wounds
 V - 3 potions of ambrosia
Miscellaneous
 M - a phial of floods
   (You found it in a Gauntlet)

▒≈≈≈≈▒▒▒▒ ▒ ≈≈≈≈≈..
▒▒≈≈.≈≈≈▒▒## ......≈
▒▒≈#.≈.≈#≈≈ ..≈.≈≈.#
▒▒#≈≈#..#≈ ≈..≈≈.≈≈
▒▒▒▒≈#≈≈.≈≈§ .....≈≈≈
▒▒≈#≈#..###≈≈ ♣...≈.≈≈♣♣♣
▒≈≈#≈......≈. ♣.≈..§#≈≈♣
▒▒≈.≈≈≈.≈≈.#≈ ≈≈..
#.≈@@≈♣ ▒▒≈#...≈.≈≈#
.≈.§..≈..#≈♣ ▒≈≈#≈≈.≈≈#≈≈
♣....≈≈.♣≈♣♣▒▒≈≈≈...≈#≈#≈
≈≈.≈≈≈≈≈♣♣.≈▒▒▒▒≈≈..≈.#≈≈
≈.≈≈≈≈♣♣♣.≈▒▒ ▒▒≈≈≈.#≈≈§≈
≈≈≈♣≈♣♣♣.▒▒▒▒▒▒≈≈≈≈.≈≈≈≈#
≈≈
..≈♣.≈≈♣...▒▒≈≈#≈#≈.≈≈.≈≈
≈≈≈.≈
♣.....≈÷()..≈.≈.≈.....
≈≈≈♣
♣[.≈)..≈.▒≈≈.≈≈#§≈≈.##


You could see Donald (fast, strong).


Message History

Donald blocks your attack.
Donald hits you with a +3 vorpal broad axe!!
You take 35 damage, and have 77/112 hp.
MASSIVE DAMAGE!!
Unknown command.
Unknown command.
You can now deal lightning-fast blows.
Donald mumbles some strange words.
Donald seems to speed up.
You now have 15/21 mp.
Unknown command.
Donald blocks your attack. You block Donald's attack.
Donald blocks your attack.
You slice Donald!! You freeze Donald.
Donald hits you with a +3 vorpal broad axe!!
You take 24 damage, and have 55/112 hp.
MASSIVE DAMAGE!!
Unknown command.
Unknown command.
Donald blocks your attack. Donald blocks your attack.
You slash Donald! You freeze Donald.
Donald hits you with a +3 vorpal broad axe!!!
* * * LOW HITPOINT WARNING * * *
x2 You take 42 damage, and have 14/112 hp.
MASSIVE DAMAGE!!
Unknown command.
Donald says, "That buzzing noise?
I hate that the most."
Donald hits you with a +3 vorpal broad axe!!
You die...

Action                   |  1- 3 |  4- 6 |  7- 9 | 10-12 | 13-15 | 16-18 || total
-------------------------+-------+-------+-------+-------+-------+-------++-------
Melee: Hand axe          |    94 |    34 |       |    11 |    25 |       ||   164
       War axe           |       |   171 |   317 |       |       |    76 ||   564
       Battleaxe         |       |       |    63 |   513 |  1102 |   557 ||  2235
       Punch             |       |       |       |       |     1 |       ||     1
 Fire: Hunting sling     |       |     4 |     3 |       |       |       ||     7
Throw: Stone             |     3 |       |       |       |       |       ||     3
       Dart              |       |       |     6 |     4 |       |       ||    10
       Javelin           |       |       |       |       |    15 |    12 ||    27
Invok: Fiery Armour      |     1 |       |     7 |     3 |       |       ||    11
       Foxfire Swarm     |       |       |     1 |       |       |       ||     1
       Heroism           |       |       |       |     5 |    18 |    12 ||    35
       Finesse           |       |       |       |       |     2 |     4 ||     6
Evoke: Wand              |       |       |       |       |     2 |     1 ||     3
  Use: Scroll            |       |     7 |    11 |     9 |    10 |     1 ||    38
       Potion            |       |       |       |     4 |     1 |     5 ||    10
 Stab: Petrified         |       |       |       |     2 |     6 |       ||     8
       Invisible         |       |       |       |       |       |     1 ||     1
Armor: Robe              |    37 |    36 |       |       |       |       ||    73
       Ring mail         |       |    60 |    76 |       |       |       ||   136
       Scale mail        |       |       |   160 |       |       |       ||   160
       Plate armour      |       |       |    13 |   578 |   951 |   537 ||  2079
Dodge: Dodged            |    66 |   104 |   200 |   214 |   421 |   201 ||  1206
Block: Other             |       |       |       |       |    85 |    93 ||   178
       Reflection        |       |       |       |       |     6 |     1 ||     7

Levels and vault maps discovered:
D:1:      roderic_dead_forest, layout_loops_corners, minmay_strange_pillars
D:2:      layout_rooms, basic_altar, uniq_natasha, uniq_terence
D:3:      layout_basic, old_standard_altar,
          shapermc_ecumenical_altar_mp_highgroup
D:4:      layout_layer_cave, kennysheep_orc_sif_temple,
          makhleb_blood_cavern_becter, minmay_cupped
D:5:      layout_basic, uniq_blork_the_orc
D:6:      layout_basic, general_overflow_altar, jmf_multi_god_temple2,
          minmay_temple_entry_mist
D:7:      statuecave_lemuel, layout_loops_cross, okawaru_trees_1,
          pdpol_wu_jian_five_deadly_venoms, gammafunk_ghost_icy,
          enter_ossuary_3, uniq_duvessa
D:8:      layout_basic, fedhas_altar_3, nicolae_tso_besieged_by_evil,
          serial_shops, shop_statue, nicolae_shop_stone
D:9:      layout_long_grid, mainiacjoe_overflow_six_doors_small,
          grunt_temple_overflow_open
D:10:     layout_roguey, overflow_temple_1_default, gammafunk_ghost_cemetery,
          hangedman_weighted_door, kennysheep_generic_room_11, uniq_josephine,
          uniq_erica
D:11:     layout_basic, dpeg_lair_monsters, eino_jars, uniq_grum
D:12:     layout_irregular_city, erik_orc_2,
          portal_ice_cave_entry_ice_simulacra, hangedman_feature_mirror
D:13:     kennysheep_kobold_grotto, layout_basic, nicolae_dithmenos_the_darkroom
D:14:     layout_loops_ring, grunt_vaults_entry_tiered,
          minmay_misc_feat_nine_boxes
D:15:     gammafunk_depths_entry_grave, layout_loops_ring, skrybe_limestone_x,
          st_stairs_2, serial_park_tiny_1
Temple:   corrupted_temple
Lair:1:   layout_cave_shapes
Lair:2:   layout_concentric_octagons, skrybe_swamp_entry_bodies,
          gauntlet_entry_generic, serial_bayou_lake_a
Lair:3:   layout_long_grid, ebering_ghost_disaster_area, grunt_megastairs_5,
          infiniplex_staircase_pool
Lair:4:   layout_gridlike, spider_nest_entry_funnel_web, basic_altar,
          bh_autumn_forest_stairs, lemuel_fruit_tree, lemuel_fruit_fields
Lair:5:   layout_concentric_octagons, slime_altar_1, hangedman_tree_tricks,
          patterned_corridor, grunt_megastairs_3
Lair:6:   minmay_lair_end_frog_pond, layout_gridlike,
          infiniplex_staircase_pool_2
Swamp:1:  layout_basic_swamp, evilmike_swamp_ruin_rubble_1
Swamp:2:  layout_basic_swamp, evilmike_swamp_ruin_house_5, swamp_pool3,
          uniq_nikola
Swamp:3:  nicolae_swamp_long_stream, layout_basic_swamp,
          hangedman_swamp_diagram, swamp_pool5, nicolae_swamp_triple_paths
Swamp:4:  swamp_old_school, layout_basic_swamp, uniq_louise, uniq_donald,
          uniq_roxanne
Orc:1:    layout_caves, nicolae_orc_tapped_out, uniq_harold
Orc:2:    grunt_orc_tribal_feast, layout_diamond_mine, elves_outpost_lemuel

Notes
Turn   | Place    | Note
-------+----------+-------------------------------------------
     0 | D:1      | araganzar the Gargoyle Cinder Acolyte began the quest for
                  | the Orb.
     0 | D:1      | Reached XP level 1. HP: 14/14 MP: 2/2
    92 | D:1      | Reached skill level 3 in Axes
   230 | D:1      | Reached XP level 2. HP: 19/19 MP: 3/3
   886 | D:1      | Reached XP level 3. HP: 20/23 MP: 4/4
  1247 | D:2      | Reached skill level 4 in Axes
  1475 | D:2      | Noticed Terence
  1481 | D:2      | Noticed Natasha
  1492 | D:2      | Killed Terence
  1493 | D:2      | Reached skill level 4 in Fighting
  1493 | D:2      | Reached XP level 4. HP: 19/29 MP: 5/5
  1493 | D:2      | Killed Natasha
  1518 | D:2      | Noticed Natasha
  1524 | D:2      | Killed Natasha
  1525 | D:2      | Reached XP level 5. HP: 24/33 MP: 6/6
  1547 | D:2      | Noticed Natasha
  1553 | D:2      | Killed Natasha
  1554 | D:2      | Reached skill level 5 in Axes
  1700 | D:2      | Found a hazy altar of Hepliaklqana.
  2250 | D:3      | Reached skill level 1 in Dodging
  2289 | D:3      | Found a shimmering altar of Xom.
  2605 | D:3      | Reached XP level 6. HP: 36/38 MP: 7/7
  3040 | D:3      | Reached skill level 2 in Dodging
  3041 | D:3      | Found a faded altar of an unknown god.
  3207 | D:3      | Reached skill level 1 in Armour
  3491 | D:4      | Reached skill level 2 in Armour
  3757 | D:4      | Found a shimmering blue altar of Sif Muna.
  3906 | D:4      | Found a burning altar of Makhleb.
  3957 | D:4      | Reached skill level 3 in Armour
  4514 | D:4      | Reached XP level 7. HP: 33/43 MP: 8/8
  5136 | D:4      | Reached skill level 6 in Axes
  5199 | D:4      | Reached skill level 4 in Armour
  5657 | D:5      | Entered Level 5 of the Dungeon
  6045 | D:5      | Reached skill level 5 in Armour
  6329 | D:5      | Reached XP level 8. HP: 41/48 MP: 9/9
  6495 | D:5      | Noticed Blork the orc
  6512 | D:5      | Killed Blork the orc
  6513 | D:5      | Reached skill level 5 in Fighting
  7204 | D:6      | Reached skill level 6 in Fighting
  7313 | D:6      | Reached skill level 7 in Axes
  7367 | D:6      | Found a bloodstained altar of Trog.
  7395 | D:6      | Found a staircase to the Ecumenical Temple.
  7402 | Temple   | Entered the Ecumenical Temple
  7545 | D:6      | Found a large runed translucent door.
  7545 | D:6      | Found a large runed translucent door.
  7687 | D:6      | Reached XP level 9. HP: 29/55 MP: 10/10
  7690 | D:6      | Reached skill level 8 in Axes
  8023 | D:7      | Noticed a hornet
  8031 | D:7      | Killed a hornet
  8066 | D:7      | Found an iron altar of Okawaru.
  8076 | D:7      | Reached skill level 9 in Axes
  8113 | D:7      | Found a sand-covered staircase.
  8127 | Ossuary  | Entered an ossuary
  9106 | D:7      | Reached skill level 10 in Axes
  9120 | D:7      | Noticed mbeke's ghost (novice DjCj)
  9153 | D:7      | Identified 2 scrolls of acquirement
  9153 | D:7      | Acquired 485 gold pieces
  9154 | D:7      | Acquired a +0 executioner's axe of freezing
  9231 | D:7      | Noticed Duvessa
  9233 | D:7      | Noticed Dowan
  9242 | D:7      | Killed Dowan
  9244 | D:7      | Killed Duvessa
  9354 | D:7      | Found a runed translucent gate.
  9355 | D:7      | Found a runed translucent gate.
  9355 | D:7      | Found a runed translucent gate.
  9392 | D:7      | Found an ornate altar of the Wu Jian Council.
  9891 | D:8      | Reached XP level 10. HP: 49/60 MP: 9/11
 10077 | D:8      | Found a blossoming altar of Fedhas.
 10084 | D:8      | Found a glowing golden altar of the Shining One.
 10276 | D:8      | Reached skill level 11 in Axes
 10276 | D:8      | Reached skill level 6 in Armour
 10351 | D:8      | Found Viec's Antique Weapon Shop.
 10596 | D:8      | Found Qudum's Antique Armour Shoppe.
 10604 | D:8      | Bought a jewelled ring mail for 261 gold pieces
 10604 | D:8      | Identified the +5 ring mail of the Cuttlefish {-Tele
                  | Rampage Regen+ Dex+4} (You bought it in a shop on level 8
                  | of the Dungeon)
 11238 | D:9      | Identified the ring "Dociov" {Fire Str+2 Dex+4 Slay-6}
 11458 | D:9      | Reached skill level 7 in Armour
 11654 | D:9      | Found a hide-covered altar of Uskayaw.
 11668 | D:9      | Found a broken altar of Ashenzari.
 11730 | D:9      | Found a snail-covered altar of Cheibriados.
 11839 | D:10     | Entered Level 10 of the Dungeon
 11845 | D:10     | Found an ancient bone altar of Kikubaaqudgha.
 11993 | D:10     | Noticed a gargoyle
 11999 | D:10     | Killed a gargoyle
 12000 | D:10     | Reached skill level 12 in Axes
 12000 | D:10     | Reached skill level 8 in Armour
 12160 | D:10     | Noticed Erica
 12172 | D:10     | Killed Erica
 12173 | D:10     | Reached skill level 7 in Fighting
 12208 | D:10     | Found a runed translucent gate.
 12209 | D:10     | Found a runed translucent gate.
 12210 | D:10     | Found a runed translucent gate.
 12210 | D:10     | Noticed Caerwyn's ghost (journeyman VSBr)
 12210 | D:10     | Noticed Dorkslayer's ghost (journeyman GrFi)
 12212 | D:10     | Noticed AlexanderH's ghost (novice DrIE)
 12248 | D:10     | Noticed a two-headed ogre
 12257 | D:10     | Killed a two-headed ogre
 12258 | D:10     | Reached skill level 8 in Fighting
 12258 | D:10     | Reached XP level 11. HP: 57/68 MP: 9/12
 12740 | D:10     | Reached skill level 9 in Fighting
 12740 | D:10     | Reached skill level 9 in Armour
 12875 | D:10     | Noticed Josephine
 12884 | D:10     | Killed Josephine
 12897 | D:10     | Reached skill level 10 in Fighting
 12897 | D:10     | Reached skill level 10 in Armour
 13126 | D:11     | Noticed a cyclops
 13600 | D:11     | Noticed a manticore
 13613 | D:11     | Killed a manticore
 13684 | D:11     | Noticed a death yak
 13684 | D:11     | Noticed a death yak
 13703 | D:11     | Noticed a death yak
 13856 | D:10     | Killed a death yak
 14062 | D:7      | Fell from the grace of Ignis
 14062 | D:7      | Became a worshipper of Warmaster Okawaru
 14382 | D:11     | Noticed Grum
 14393 | D:11     | Killed Grum
 14490 | D:11     | Killed a death yak
 14490 | D:11     | Reached * piety under Okawaru
 14491 | D:11     | Reached skill level 3 in Dodging
 14491 | D:11     | Reached XP level 12. HP: 47/77 MP: 8/13
 14643 | D:11     | Found a staircase to the Lair.
 14654 | D:11     | Reached skill level 13 in Axes
 14662 | Lair:1   | Entered Level 1 of the Lair of Beasts
 14715 | Lair:1   | Noticed a six-headed hydra
 14733 | Lair:1   | Killed a one-headed hydra
 14831 | Lair:1   | Reached skill level 4 in Dodging
 14857 | Lair:1   | Reached ** piety under Okawaru
 15714 | Lair:2   | You fall into a shaft and drop 2 floors!
 15782 | Lair:2   | Reached skill level 14 in Axes
 15820 | Lair:2   | Noticed a catoblepas
 15839 | Lair:2   | Killed a catoblepas
 15839 | Lair:2   | Reached *** piety under Okawaru
 15853 | Lair:2   | Found a gate leading to a gauntlet.
 15862 | Gauntlet | Entered a Gauntlet
 15862 | Gauntlet | Found a transporter.
 16019 | Gauntlet | Found a transporter.
 16022 | Gauntlet | Found a transporter.
 16023 | Gauntlet | Found a transporter.
 16066 | Gauntlet | Found a transporter.
 16067 | Gauntlet | Found a transporter.
 16070 | Gauntlet | Noticed a wretched star
 16076 | Gauntlet | Found a transporter.
 16155 | Gauntlet | Found a transporter.
 16367 | Gauntlet | Found a transporter.
 16378 | Gauntlet | Found a transporter.
 16379 | Gauntlet | Found a transporter.
 16383 | Gauntlet | Noticed a quicksilver ooze
 16384 | Gauntlet | Found a transporter.
 16388 | Gauntlet | Found a transporter.
 16422 | Gauntlet | Found a transporter.
 16480 | Gauntlet | Identified the +0 pair of boots of Gozag's Wrath {Regen+}
 16504 | Gauntlet | Noticed a minotaur
 16511 | Gauntlet | Killed a minotaur
 16512 | Gauntlet | Reached skill level 11 in Armour
 16878 | Lair:2   | Reached skill level 12 in Armour
 16917 | Lair:2   | Found a staircase to the Swamp.
 17231 | Lair:3   | Reached **** piety under Okawaru
 17247 | Lair:2   | Reached XP level 13. HP: 64/83 MP: 8/14
 17623 | Lair:3   | Found a large runed translucent door.
 17624 | Lair:3   | Found a large runed translucent door.
 17627 | Lair:3   | Noticed Dopoatyj's ghost (journeyman DEFE)
 17930 | Lair:3   | Reached skill level 11 in Fighting
 18035 | Lair:3   | Was forgiven by Ignis
 18265 | Lair:4   | Reached ***** piety under Okawaru
 18273 | Lair:4   | Reached skill level 15 in Axes
 18451 | Lair:4   | Found a hole to the Spider Nest.
 18462 | Lair:4   | Reached skill level 12 in Fighting
 18466 | Lair:4   | Received a gift from Okawaru
 18693 | Lair:4   | Found a sparkling altar of Nemelex Xobeh.
 19199 | Lair:5   | Reached skill level 1 in Throwing
 19490 | Lair:5   | Found a blossoming altar of Fedhas.
 19504 | Lair:5   | Reached skill level 2 in Throwing
 19610 | Lair:5   | Found a staircase to the Slime Pits.
 19612 | Lair:5   | Found a viscous altar of Jiyva.
 19968 | Lair:6   | Entered Level 6 of the Lair of Beasts
 19981 | Lair:6   | Reached skill level 3 in Throwing
 20122 | Lair:6   | Reached ****** piety under Okawaru
 20154 | Lair:6   | Reached skill level 4 in Throwing
 20154 | Lair:6   | Gained mutation: Your large and strong wings let you fly.
                  | [Gargoyle growth]
 20154 | Lair:6   | Reached XP level 14. HP: 84/92 MP: 13/15
 20160 | Lair:6   | Reached skill level 16 in Axes
 20228 | Lair:6   | Reached skill level 5 in Throwing
 20272 | Lair:6   | Received a gift from Okawaru
 20360 | Lair:6   | Received a gift from Okawaru
 20361 | Lair:6   | Reached skill level 1 in Invocations
 20404 | Lair:6   | Reached skill level 2 in Invocations
 20434 | Lair:6   | Reached skill level 3 in Invocations
 20451 | Lair:6   | Identified the +1 chain mail of Ruryjo {Str+3 Int+4}
 20556 | Lair:6   | Received a gift from Okawaru
 20557 | Lair:6   | Reached skill level 4 in Invocations
 20648 | Lair:6   | Reached skill level 5 in Invocations
 21406 | D:12     | Reached skill level 1 in Evocations
 21421 | D:12     | Found a frozen archway.
 21480 | IceCv    | Entered an ice cave
 21499 | IceCv    | Found a transporter.
 21509 | IceCv    | Found a transporter.
 21582 | D:12     | Reached skill level 6 in Invocations
 21582 | D:12     | Reached skill level 2 in Evocations
 21681 | D:12     | Reached skill level 3 in Evocations
 21729 | D:12     | Found a staircase to the Orcish Mines.
 21981 | D:12     | Found a sacrificial altar of Ru.
 21990 | D:12     | Received a gift from Okawaru
 22002 | D:12     | Reached skill level 4 in Evocations
 22049 | D:12     | Found a white marble altar of Elyvilon.
 22475 | D:13     | Reached skill level 5 in Dodging
 22633 | D:13     | Received a gift from Okawaru
 22685 | D:13     | Found a shadowy altar of Dithmenos.
 23118 | D:14     | Identified the +1 cloak of Honour {rPois} (Okawaru gifted
                  | it to you on level 14 of the Dungeon)
 23118 | D:14     | Received a gift from Okawaru
 23191 | D:14     | Found a gate to the Vaults.
 23201 | D:14     | Reached skill level 6 in Dodging
 23204 | D:14     | Reached XP level 15. HP: 90/97 MP: 14/19
 23340 | D:14     | Reached skill level 13 in Fighting
 23717 | D:15     | Entered Level 15 of the Dungeon
 23725 | D:15     | Reached skill level 7 in Dodging
 24096 | D:15     | Found a staircase to the Depths.
 24128 | D:15     | Reached skill level 14 in Fighting
 24132 | D:15     | Received a gift from Okawaru
 24288 | D:15     | Reached skill level 8 in Dodging
 24381 | D:15     | Reached skill level 6 in Throwing
 24827 | Orc:1    | Entered Level 1 of the Orcish Mines
 24829 | Orc:1    | Noticed an orc warlord
 24953 | D:12     | Killed an orc warlord
 25113 | Orc:1    | Noticed an orc warlord
 25116 | Orc:1    | Noticed Harold
 25129 | Orc:1    | Killed an orc warlord
 25129 | Orc:1    | Received a gift from Okawaru
 25130 | Orc:1    | Reached skill level 7 in Throwing
 25138 | Orc:1    | Killed Harold
 25471 | Orc:2    | Entered Level 2 of the Orcish Mines
 25485 | Orc:2    | Reached skill level 13 in Armour
 25808 | Orc:2    | Found a staircase to the Elven Halls.
 25813 | Orc:2    | Reached XP level 16. HP: 90/106 MP: 20/20
 25914 | Orc:2    | Reached skill level 8 in Throwing
 26007 | Orc:2    | Received a gift from Okawaru
 26143 | Orc:2    | Reached skill level 14 in Armour
 26488 | Orc:2    | Gained mutation: You have hidden genetic defects. [a
                  | neqoxec]
 26515 | Orc:2    | Received a gift from Okawaru
 26581 | Orc:2    | Found Kizon's Assorted Antiques.
 26581 | Orc:2    | Found Ystoso's Distillery.
 26583 | Orc:2    | Found Beizus's Antique Weapon Shop.
 26583 | Orc:2    | Found Vaudaul's Assorted Antiques.
 26593 | Orc:2    | Bought a glowing onyx ring for 175 gold pieces
 26593 | Orc:2    | Bought a brass wand for 140 gold pieces
 26595 | Orc:2    | Bought a potion of heal wounds for 60 gold pieces
 26595 | Orc:2    | Bought 2 potions of heal wounds for 120 gold pieces
 26595 | Orc:2    | Bought a potion of heal wounds for 60 gold pieces
 26595 | Orc:2    | Bought a potion of curing for 36 gold pieces
 26595 | Orc:2    | Bought a potion of mutation for 96 gold pieces
 26595 | Orc:2    | Bought a potion of mutation for 96 gold pieces
 26595 | Orc:2    | Bought a potion of mutation for 96 gold pieces
 26741 | Lair:1   | Upgraded the game from 0.28-a0-1199-gef9e1db to
                  | 0.28-a0-1202-g1e6f1b2
 26766 | Swamp:1  | Entered Level 1 of the Swamp
 26823 | Swamp:1  | You are sucked into a shaft and drop 1 floor!
 26845 | Swamp:2  | Noticed Nikola
 26891 | Swamp:2  | Killed Nikola
 26891 | Swamp:2  | Received a gift from Okawaru
 27169 | Swamp:2  | Gained mutation: You are frail. (-10% HP) [hidden defects]
 27187 | Swamp:2  | Lost mutation: You are frail. (-10% HP) [potion of
                  | mutation]
 27187 | Swamp:2  | Lost mutation: You have hidden genetic defects. [potion of
                  | mutation]
 27187 | Swamp:2  | Gained mutation: You sometimes lose the ability to read
                  | scrolls when taking damage. [potion of mutation]
 27187 | Swamp:2  | Gained mutation: You are dopey. (Int -2) [potion of
                  | mutation]
 27187 | Swamp:2  | Gained mutation: You possess an exceptional clarity of
                  | mind. [potion of mutation]
 27187 | Swamp:2  | Gained mutation: You expend magic power (3 MP) to
                  | strengthen your wands. [potion of mutation]
 27188 | Swamp:2  | Lost mutation: You possess an exceptional clarity of mind.
                  | [potion of mutation]
 27188 | Swamp:2  | Lost mutation: You expend magic power (3 MP) to strengthen
                  | your wands. [potion of mutation]
 27188 | Swamp:2  | Lost mutation: You sometimes lose the ability to read
                  | scrolls when taking damage. [potion of mutation]
 27188 | Swamp:2  | Gained mutation: You tend to lose your temper in combat.
                  | [potion of mutation]
 27188 | Swamp:2  | Gained mutation: You are very dopey. (Int -4) [potion of
                  | mutation]
 27188 | Swamp:2  | Gained mutation: You are partially covered in iridescent
                  | scales. (AC +2) [potion of mutation]
 27188 | Swamp:2  | Lost mutation: You tend to lose your temper in combat.
                  | [potion of mutation]
 27189 | Swamp:2  | Lost mutation: You are partially covered in iridescent
                  | scales. (AC +2) [potion of mutation]
 27189 | Swamp:2  | Lost mutation: You are very dopey. (Int -4) [potion of
                  | mutation]
 27189 | Swamp:2  | Lost mutation: You are dopey. (Int -2) [potion of mutation]
 27189 | Swamp:2  | Gained mutation: You are dopey. (Int -2) [potion of
                  | mutation]
 27590 | Swamp:1  | Noticed a fenstrider witch
 27606 | Swamp:1  | Killed a fenstrider witch
 27743 | Swamp:1  | Received a gift from Okawaru
 27744 | Swamp:1  | Reached skill level 17 in Axes
 28402 | Swamp:3  | Identified the +11 long sword of Tyarphyga {antimagic, rF+
                  | Int+3}
 28874 | Swamp:3  | Identified the +4 rapier of Brawling {vorpal, Fly rF- rN+
                  | MP+9}
 29281 | Swamp:4  | Entered Level 4 of the Swamp
 29350 | Swamp:4  | Noticed a fenstrider witch
 29351 | Swamp:4  | Paralysed by a fenstrider witch for 6 turns
 29360 | Swamp:4  | Killed a fenstrider witch
 29398 | Swamp:3  | Reached skill level 18 in Axes
 29417 | Swamp:3  | Reached XP level 17. HP: 111/111 MP: 21/21
 29675 | Swamp:4  | Noticed Louise
 29691 | Swamp:4  | Killed Louise
 29730 | Swamp:4  | Received a gift from Okawaru
 29736 | Swamp:4  | Noticed the 27-headed Lernaean hydra
 29751 | Swamp:4  | Killed the 24-headed Lernaean hydra
 29751 | Swamp:4  | Received a gift from Okawaru
 29937 | Swamp:4  | Got a decaying rune of Zot
 29986 | Swamp:4  | Noticed Donald
 30002 | Swamp:4  | Mangled by Donald

Vanquished Creatures
  the Lernaean hydra (Swamp:4)
  Nikola (Swamp:2)
  2 fenstrider witches
  2 orc warlords
  Louise (Swamp:4)
  A juggernaut skeleton (D:15)
  A bunyip (Swamp:1)
  3 eleionomae
  A minotaur (Gauntlet)
  A shambling mangrove (Swamp:3)
  Josephine (D:10)
  5 boulder beetles
  A vault guard (D:14)
  Harold (Orc:1)
  An ogre mage (D:15)
  19 hydras
  3 catoblepae
  8 centaur warriors
  Erica (D:10)
  3 two-headed ogres
  A ghost crab (Swamp:3)
  8 alligators
  9 death yaks
  4 orc high priests (Orc:2)
  6 goliath frogs
  5 spriggan druids
  2 skeletal warriors (D:15)
  8 bog bodies
  7 swamp dragons
  A phantasmal warrior (D:15)
  A wizard (D:14)
  3 necromancers
  A sphinx zombie (D:15)
  5 deep elf zephyrmancers (Orc:2)
  4 deep elf pyromancers
  7 cyclopes
  2 oklob plants (Lair:5)
  7 orc sorcerers
  A fire giant zombie (D:15)
  6 orc knights
  7 ugly things
  3 will-o-the-wisps
  3 manticores
  6 black mambas
  17 cane toads
  3 gargoyles
  8 komodo dragons
  A spriggan zombie (D:15)
  A kobold demonologist (D:14)
  2 rime drakes
  A yaktaur (D:14)
  A freezing wraith (IceCv)
  A tengu conjurer (D:15)
  9 trolls
  2 jumping spiders (Lair:4)
  2 polar bears
  7 hornets
  10 tyrant leeches
  8 slime creatures
  20 blink frogs
  2 centaur simulacra
  A water elemental (D:12)
  3 wyverns
  2 redbacks (Lair:4)
  13 spriggans
  3 shadows
  16 fire elementals
  3 basilisks
  7 wraiths
  20 humans (D:14)
  38 yaks
  Grum (D:11)
  7 swamp worms
  21 vampire mosquitoes
  A harpy simulacrum (IceCv)
  A warg (Orc:1)
  An acid dragon (D:10)
  Duvessa (D:7)
  11 swamp drakes
  15 water moccasins
  34 orc warriors
  A sky beast (D:6)
  2 black bears
  18 wolves
  6 ogres
  9 centaurs
  4 phantoms
  7 kobold brigands
  Blork the orc (D:5)
  14 bullfrogs
  A scorpion (D:6)
  A water moccasin zombie (D:6)
  3 cane toad simulacra
  Dowan (D:7)
  16 killer bees
  An elephant simulacrum (D:12)
  9 wights
  5 electric eels
  4 howler monkeys
  A quasit (D:13)
  A crimson imp (D:13)
  A human zombie (Ossuary)
  2 centaur skeletons
  9 centaur zombies
  A hound (D:4)
  3 gnoll shamans
  13 orc priests
  A jelly (Gauntlet)
  2 bullfrog skeletons
  5 iguanas
  Terence (D:2)
  Natasha (thrice) (D:2)
  6 hell rats
  29 orc wizards
  A wolf simulacrum (IceCv)
  3 polar bear simulacra
  A hound skeleton (D:3)
  3 mummies (Ossuary)
  A howler monkey zombie (D:10)
  A howler monkey skeleton (D:10)
  14 gnolls
  4 naga simulacra (D:12)
  8 adders
  2 shadow imps
  A white imp (D:7)
  3 ufetubi
  3 worms
  A dart slug (D:1)
  78 orcs
  8 bats
  9 endoplasms
  2 giant cockroaches
  A gnoll zombie (D:7)
  10 goblins
  7 hobgoblins
  6 jackals
  6 quokkas
  11 ball pythons
  4 frilled lizards
  2 goblin skeletons (D:8)
  5 goblin zombies (Ossuary)
  7 hobgoblin zombies
  15 kobolds
  5 kobold zombies
  3 rats
864 creatures vanquished.

Vanquished Creatures (others)
  A spriggan druid (Swamp:2)
  A goliath frog (Swamp:2)
  A bog body (Swamp:2)
  A tyrant leech (Swamp:3)
  4 bloated husks
  2 vampire mosquitoes (Swamp:2)
  An orc priest (Orc:2)
  An orc wizard (Orc:2)
  4 orcs
  31 foxfires
  23 fungi
  103 plants
173 creatures vanquished.

Grand Total: 1037 creatures vanquished
